 Dungeon Crawl Stone Soup version 0.28.0-53-g5a82cb258f (webtiles) character file.

Game seed: 12489228826657726968

3 pkoi the Firebug (level 1, -5/14 HPs)
             Began as a Demigod Fire Elementalist on May 28, 2022.
             Slain by a gnoll
             ... wielding a +0 flail
              (9 damage)
             ... on level 1 of the Dungeon.
             The game lasted 00:00:33 (253 turns).

pkoi the Firebug (Demigod Fire Elementalist)         Turns: 253, Time: 00:00:34

Health: -5/14      AC:  2    Str:  9    XL:     1   Next: 33%
Magic:  1/5        EV: 12    Int: 17    God:
Gold:   0          SH:  0    Dex: 14    Spells: 2/3 levels left

rFire   . . .      SeeInvis .   b - +0 club
rCold   . . .      Faith    .   (no shield)
rNeg    . . .      Spirit   .   a - +0 robe
rPois   .          Reflect  .   (no helmet)
rElec   .          Harm     .   (no cloak)
rCorr   .          Rampage  .   (no gloves)
Will    .....                   (no boots)
Stlth   ++........              (no amulet)
HPRegen 0.04/turn               (no ring)
MPRegen 0.09/turn               (no ring)

@: no status effects
A: high MP 1, forlorn, divine attributes
a: no special abilities


You were on level 1 of the Dungeon.
You visited 1 branch of the dungeon, and saw 1 of its levels.

Inventory:

Hand Weapons
 b - a +0 club (weapon)
Armour
 a - a +0 robe (worn)


   Skills:
 - Level 1.7 Dodging
 - Level 1.7 Stealth
 - Level 1.7 Spellcasting
 - Level 0.8 Conjurations
 + Level 2.9 Fire Magic


You had 2 spell levels left.
You knew the following spells:

 Your Spells              Type           Power      Damage    Failure   Level
a - Foxfire               Conj/Fire      32%        2x1d5     9%          1

Your spell library contained the following spells:

 Spells                   Type           Power      Damage    Failure   Level
 Scorch                   Fire           22%        2d6       9%          2
 Conjure Flame            Conj/Fire      8%         6-21      26%         3
 Inner Flame              Hex/Fire       6%         N/A       32%         3
 Flame Wave               Conj/Fire      8%         2d5       65%         4
 Cause Fear               Hex            0%         N/A       89%         4
 Dragon Form              Tmut           0%         N/A       100%        7
 Dragon's Call            Summ           0%         N/A       100%        9


Dungeon Overview and Level Annotations

Branches:
Dungeon (1/15)


Innate Abilities, Weirdness & Mutations

You have an increased reservoir of magic. (+10% MP)
You shall have no god before yourself.
Your divine heritage dramatically boosts your attributes as you level up.


Message History

Found an escape hatch in the floor.
Found a stone staircase leading down.
A dart slug, a kobold and a gnoll come into view.
The kobold shouts!
The gnoll shouts!
You conjure some foxfire!
You conjure some foxfire!
The foxfire hits the gnoll.
The gnoll is lightly wounded.
You conjure some foxfire!
The foxfire hits the gnoll.
The gnoll is moderately wounded.
You miscast Foxfire.
You are very lightly contaminated with residual magic.
Nothing appears to happen.
The foxfire hits the kobold but does no damage.
The foxfire hits the gnoll but does no damage.
The gnoll is moderately wounded.
The gnoll hits you with a +0 flail.
* * * LOW HITPOINT WARNING * * *
A kobold comes into view. It is wielding a +0 dagger.
You are too injured to fight recklessly!
You are too injured to fight recklessly!
Unknown command.
Casting: Foxfire (safe; 9% risk of failure)
Press: ? - help, Q - select action Dir - look around, f - activate You conjure some foxfire!
The kobold shouts!
The gnoll barely misses you. The kobold hits you with a +0 dagger.
* * * LOW HITPOINT WARNING * * *
Your foxfire dissipates!
The foxfire hits the kobold but does no damage.
The gnoll hits you with a +0 flail.
* * * LOW HITPOINT WARNING * * *
A rat comes into view.
You hit the gnoll.
The gnoll is moderately wounded.
The gnoll hits you with a +0 flail.
* * * LOW HITPOINT WARNING * * *
Your magical contamination has completely faded away.
The gnoll hits you with a +0 flail!
Ouch! That really hurt!
You die...

#.# #.# ## #.# .
#.# ##. #.# #..
#.# #.# .### #.#
#.#
.....##.####.#
#...@...#.#####..
####g##..........
#K####........
#......#####.>
####K.##.#
#........#
###.##.#####
#...##..######
#.. #........w.


You could see a gnoll and 2 kobolds.

Vanquished Creatures
  A jackal (D:1)
  A kobold (D:1)
  A bat (D:1)
3 creatures vanquished.

Vanquished Creatures (collateral kills)
  2 foxfires (D:1)
2 creatures vanquished.

Vanquished Creatures (others)
  12 foxfires (D:1)
12 creatures vanquished.

Grand Total: 17 creatures vanquished

Notes
Turn   | Place    | Note
-------+----------+-------------------------------------------
     0 | D:1      | pkoi the Demigod Fire Elementalist began the quest for the
                  | Orb.
     0 | D:1      | Reached XP level 1. HP: 14/14 MP: 5/5
   253 | D:1      | Slain by a gnoll

Illustrated notes

Levels and vault maps discovered:
D:1:      dpeg_arrival_orchard, layout_rooms, serial_park_tiny_2,
          chequers_serial_rivers_marsh, minmay_3d_cube

Action                   || total
-------------------------++-------
Melee: Club              ||     1
 Cast: Foxfire           ||     9
Armor: Robe              ||     1
Dodge: Dodged            ||     6
